 Dungeon Crawl Stone Soup version 0.28-a0-821-g923ab73998 (webtiles) character file.

Game seed: 14756779392490733262

1589 jhdf the Covert (level 8, -10/36 HPs)
             Began as a Spriggan Enchanter on Nov 9, 2021.
             Was an Initiate of Dithmenos.
             Mangled by a wyvern skeleton (12 damage)
             ... on level 7 of the Dungeon.
             The game lasted 00:16:00 (9072 turns).

jhdf the Covert (Spriggan Enchanter)                Turns: 9072, Time: 00:16:01

Health: -10/36     AC:  4    Str:  6    XL:     8   Next: 61%
Magic:  21/21      EV: 17    Int: 17    God:    Dithmenos [......]
Gold:   397        SH:  0    Dex: 15    Spells: 15/23 levels left

rFire   . . .      SeeInvis +   a - +1 dagger
rCold   + . .      Faith    .   (shield restricted)
rNeg    . . .      Spirit   .   l - +1 robe {rC+}
rPois   .          Reflect  .   (helmet restricted)
rElec   .          Harm     .   e - +0 cloak
rCorr   .          Rampage  .   (gloves unavailable)
Will    +....                   (boots unavailable)
Stlth   ++++......              p - amulet of the acrobat
HPRegen 0.12/turn               (no ring)
MPRegen 0.17/turn               (no ring)

@: very quick
A: very small, no large weapons, unfitting armour, see invisible, speed 3
a: Renounce Religion


You were on level 7 of the Dungeon.
You worshipped Dithmenos.
Dithmenos was noncommittal.
You visited 2 branches of the dungeon, and saw 8 of its levels.

You collected 397 gold pieces.

Inventory:

Hand Weapons
 a - a +1 dagger (weapon)
Missiles
 f - 2 datura-tipped darts (quivered)
Armour
 e - a +0 cloak (worn)
 l - a +1 robe of cold resistance (worn)
Jewellery
 p - an amulet of the acrobat (around neck)
 q - a ring of fire
Wands
 k - a wand of flame (45)
 r - a wand of polymorph (2)
Scrolls
 d - 3 scrolls of fog
 g - 3 scrolls of enchant weapon
Potions
 b - 2 potions of haste
 c - a potion of invisibility
 h - 3 potions of curing
 i - 2 potions of heal wounds {unknown}
 j - 2 potions of magic
 m - a potion of lignification {unknown}
 n - a potion of berserk rage {unknown}
 o - a potion of flight {unknown}


   Skills:
 - Level 1.1 Short Blades
 - Level 2.6 Dodging
 + Level 9.6 Stealth
 + Level 8.4 Spellcasting
 + Level 8.8 Hexes


You had 15 spell levels left.
You knew the following spells:

 Your Spells              Type           Power      Damage    Failure   Level
a - Ensorcelled Hibernat  Hex/Ice        44%        N/A       2%          2
b - Tukima's Dance        Hex            37%        N/A       1%          3
c - Dazzling Flash        Conj/Hex       44%        N/A       4%          3

Your spell library contained the following spells:

 Spells                   Type           Power      Damage    Failure   Level
 Confusing Touch          Hex            37%        N/A       1%          3


Dungeon Overview and Level Annotations

Branches:
Dungeon (7/15)             Temple (1/1) D:6

Altars:
Ashenzari
Cheibriados
Dithmenos
Fedhas
Gozag
Hepliaklqana
Kikubaaqudgha
Makhleb
Nemelex Xobeh
Okawaru
Qazlal
Ru
Sif Muna
Trog
Uskayaw
Vehumet
Wu Jian
Xom
Yredelemnul
Zin
The Shining One

Shops:
D:6 :((:

Annotations:
D:5 2 transporters, Decritt's ghost, novice DECj
D:7 Joseph


Innate Abilities, Weirdness & Mutations

You are very small and have problems with some larger weapons.
You are too small for most types of armour.
You have supernaturally acute eyesight. (SInv)
You cover ground extremely quickly. (Speed+++)


Message History

Found an orange potion.
Found a stone staircase leading down.
There is a stone staircase leading up here.
Unknown command.
Unknown command.
Unknown command.
o - an orange potion
s - a scroll labelled KAXUZE USSIOTU
As you read the scroll labelled KAXUZE USSIOTU, it crumbles to dust.
You feel aware of your surroundings.
You sensed 1 altar.
It was a scroll of magic mapping.
Unknown command.
Found a stone staircase leading up.
i - 2 pink potions (gained 1)
A bullfrog comes into view.
Found 20 gold pieces.
Found a stone staircase leading down.
A wyvern skeleton comes into view.
Joseph, a Mercenary comes into view.
He is wielding a +0 quarterstaff and wearing a +3 ring mail of fire resistance.
There is a stone staircase leading up here.
There is a stone staircase leading up here.
There is a stone staircase leading up here.
You hit the wyvern skeleton.
The wyvern skeleton is lightly damaged.
The wyvern skeleton bites you!
You hit the wyvern skeleton.
The wyvern skeleton is lightly damaged.
The wyvern skeleton bites you! x2
* * * LOW HITPOINT WARNING * * *
You are too injured to fight recklessly!
You are too injured to fight recklessly!
You are too injured to fight recklessly!
You are too injured to fight recklessly!
There is a stone staircase leading up here.
The wyvern skeleton bites you.
* * * LOW HITPOINT WARNING * * *
You climb upwards.
There is a stone staircase leading down here.
You climb downwards.
Level annotation: Joseph The wyvern skeleton bites you!
You die...

,*,,,........#............,,,****
,,,,,..................#****,,,,*
**,**.###...#..........# ****,,
**,,*,..............##.# **,
*,,,,....##.........##.#########,
,,,,,...###.........#..........#,
,,,,,..........................#,
,,,,,..,....##.#.##.#..........#,
,,,,,,,>.##....#@##.#..........#,
,,,,,,,..........Z.............#,
,,,,,,,,,.#.#......#...........#,
,,,,,,,,,,#.######.............#,
,,,,,,,,,,,,** *##...........#,
,,,,,,,,,*,,,* #.#.....#####,
,,,,,,,,,*,,,* #.#....^.## *,
,,,,,,,,,*,,,* #,##..#...#**,
,,,,,,,,,*,,,*******,*#<..##..#*,


You could see a wyvern skeleton.

Vanquished Creatures
  Eustachio (D:6)
  Duvessa (D:5)
  An ice beast (D:6)
  A sky beast (D:5)
  A necrophage (D:6)
  A centaur (D:5)
  A phantom (D:6)
  Blork the orc (D:5)
  Dowan (D:5)
  A scorpion (D:6)
  A howler monkey (D:6)
  A crimson imp (D:6)
  A bullfrog zombie (D:6)
  A jelly (D:6)
  A bullfrog skeleton (D:6)
  A hound (D:6)
  An iguana (D:6)
  2 orc wizards
  2 gnolls (D:4)
  5 adders
  A shadow imp (D:6)
  An adder skeleton (D:4)
  A dart slug (D:3)
  12 orcs
  4 bats
  3 endoplasms
  4 giant cockroaches
  11 goblins
  9 hobgoblins
  11 jackals
  7 quokkas
  4 ball pythons
  A frilled lizard (D:2)
  8 kobolds
  8 rats
111 creatures vanquished.

Vanquished Creatures (collateral kills)
  Maggie (D:6)
  A gnoll (D:4)
2 creatures vanquished.

Vanquished Creatures (others)
  A dancing weapon (D:5)
1 creature vanquished.

Grand Total: 114 creatures vanquished

Notes
Turn   | Place    | Note
-------+----------+-------------------------------------------
     0 | D:1      | jhdf the Spriggan Enchanter began the quest for the Orb.
     0 | D:1      | Reached XP level 1. HP: 9/9 MP: 5/5
   504 | D:1      | Reached XP level 2. HP: 13/13 MP: 7/7
   509 | D:1      | Learned a level 2 spell: Ensorcelled Hibernation
  1147 | D:1      | Reached XP level 3. HP: 5/16 MP: 6/9
  1151 | D:1      | Learned a level 3 spell: Tukima's Dance
  1155 | D:1      | Learned a level 3 spell: Dazzling Flash
  1752 | D:2      | Found a faded altar of an unknown god.
  3097 | D:2      | Reached XP level 4. HP: 18/21 MP: 0/11
  3116 | D:2      | Reached skill level 5 in Hexes
  5405 | D:4      | Reached XP level 5. HP: 14/24 MP: 3/13
  5627 | D:4      | Reached skill level 5 in Spellcasting
  6162 | D:5      | Entered Level 5 of the Dungeon
  6175 | D:5      | Noticed a centaur
  6183 | D:5      | Killed a centaur
  6184 | D:5      | Reached skill level 5 in Stealth
  6184 | D:5      | Reached XP level 6. HP: 25/28 MP: 11/15
  6214 | D:5      | Found a transporter.
  6215 | D:5      | Noticed a sky beast
  6216 | D:5      | Noticed Decritt's ghost (novice DECj)
  6275 | D:5      | Killed a sky beast
  6451 | D:5      | Noticed Duvessa
  6454 | D:5      | Noticed Dowan
  6473 | D:5      | Killed Duvessa
  6473 | D:5      | Killed Dowan
  6474 | D:5      | Reached skill level 6 in Stealth
  6474 | D:5      | Reached XP level 7. HP: 25/32 MP: 2/17
  6580 | D:5      | Noticed Blork the orc
  6585 | D:5      | Killed Blork the orc
  6600 | D:5      | Found a transporter.
  6800 | D:6      | Reached skill level 7 in Stealth
  6896 | D:6      | Found a burning altar of Makhleb.
  6896 | D:6      | Found a radiant altar of Vehumet.
  6932 | D:6      | Noticed Maggie
  7145 | D:6      | Killed Maggie
  7146 | D:6      | Reached skill level 8 in Stealth
  7146 | D:6      | Reached XP level 8. HP: 35/36 MP: 4/20
  7252 | D:6      | Found Jemunume's Book Shoppe.
  7579 | D:6      | Found a staircase to the Ecumenical Temple.
  7621 | Temple   | Entered the Ecumenical Temple
  7707 | Temple   | Became a worshipper of Dithmenos the Shadowed
  7795 | D:6      | Found Wezil's Book Shoppe.
  7806 | D:6      | Found a stormy altar of Qazlal.
  7815 | D:6      | Noticed Eustachio
  7820 | D:6      | Killed Eustachio
  7821 | D:6      | Reached skill level 9 in Stealth
  7922 | D:6      | Found Wabeomu's Antique Weapon Shoppe.
  8000 | D:6      | HP: 1/36 [bullfrog zombie (2)]
  8368 | D:6      | Found Biloarch's Antique Weapon Boutique.
  9049 | D:7      | Noticed Joseph
  9069 | D:7      | HP: 1/36 [wyvern skeleton (6)]
  9072 | D:7      | Mangled by a wyvern skeleton

Illustrated notes

Levels and vault maps discovered:
D:1:      amcnicky_arrival_wind_blow, layout_basic, hangedman_feature_mirror
D:2:      layout_basic, ebering_ecumenical_altar_hall, minmay_hedge_maze,
          grunt_decor_arrowhead, hangedman_abyss_or_decor_stabs
D:3:      layout_loops_cross
D:4:      layout_layer_cave, hangedman_decor_push
D:5:      layout_rooms, gammafunk_ghost_stat_death, uniq_blork_the_orc,
          uniq_duvessa
D:6:      layout_loops_ring, grunt_temple_overflow_lords_of_destruction,
          lemuel_crystal_altar, minmay_temple_entry_glassed_door, serial_shops,
          nicolae_shop_temple_entry_statues_fountains, nicolae_shop_crystal,
          nicolae_square_shop, nicolae_lakefront_shop, uniq_eustachio,
          uniq_maggie
D:7:      layout_rooms, nicolae_elyvilon_peaceful_grove,
          kennysheep_generic_room_16, uniq_joseph
Temple:   hc_temple_tempest_star

Skill      XL: |  1  2  3  4  5  6  7  8 |
---------------+-------------------------+-----
Spellcasting   | 3 4 5 6 7 8 |  8.4
Hexes          | 4 5 6 7 8 |  8.8
Stealth        | 5 6 8 9 |  9.6
Short Blades   | |  1.1
Dodging        | |  2.6

Action                   |  1- 3 |  4- 6 |  7- 9 || total
-------------------------+-------+-------+-------++-------
Melee: Dagger            |   144 |   139 |   126 ||   409
 Cast: Ensorcelled Hiber |    29 |    23 |    20 ||    72
       Tukima's Dance    |       |     6 |     3 ||     9
       Dazzling Flash    |       |     1 |       ||     1
Evoke: Wand              |       |     2 |     6 ||     8
  Use: Scroll            |     4 |     5 |     5 ||    14
 Stab: Sleeping          |    26 |    28 |    19 ||    73
       Distracted        |     1 |       |       ||     1
       Invisible         |       |     1 |       ||     1
Armor: Robe              |    12 |    13 |    11 ||    36
Dodge: Dodged            |   126 |   104 |    83 ||   313

Table legend: (Time is in decaauts)
 A = Elapsed time spent in this place.
 B = Non-inter-level travel time spent in this place.
 C = Inter-level travel time spent in this place.
 D = Time resting spent in this place.
 E = Time spent auto-exploring this place.
 F = Levels seen in this place.
 G = Mean time per level.
                   A        B        C        D        E       F      G
               +--------+--------+--------+--------+--------+-----+--------+
         Total |   7287 |   7131 |    156 |   2100 |   3726 |   8 |  910.9 |
       Dungeon |   7204 |   7056 |    148 |   2100 |   3677 |   7 | 1029.1 |
        Temple |     83 |     75 |      8 |      0 |     48 |   1 |   83.0 |
               +--------+--------+--------+--------+--------+-----+--------+

Top non-repeatable levels by time:
     D:2: 1906 daAuts
     D:6: 1903 daAuts
     D:1: 1316 daAuts
     D:4: 1035 daAuts
     D:3: 631 daAuts
     D:5: 377 daAuts
  Temple: 83 daAuts
     D:7: 34 daAuts
